 Dungeon Crawl Stone Soup version 0.19-a0-1008-g4c63d25 (webtiles) character file.

114 mistymad the Skirmisher (level 5, -1/43 HPs)
             Began as a Formicid Abyssal Knight on July 22, 2016.
             Was a Priest of Lugonu.
             Slain by an orc warrior
             ... wielding a +0 flail
              (18 damage)
             ... on level 3 of the Dungeon.
             The game lasted 00:06:12 (2190 turns).

mistymad the Skirmisher (Formicid Abyssal Knight)   Turns: 2190, Time: 00:06:13

Health: -1/43      AC: 12    Str: 17    XL:     5   Next: 18%
Magic:  6/6        EV:  7    Int: 12    God:    Lugonu [***...]
Gold:   160        SH:  0    Dex: 10    Spells: 0 memorised, 4 levels left

rFire  + . .     SeeInvis +     e - +3 trident (venom)
rCold  x . .     Gourm    .     p - +0 chain mail
rNeg   . . .     Faith    .     (no shield)
rPois  .         Spirit   .     (helmet unavailable)
rElec  .         Dismiss  .     (no cloak)
rCorr  .         Reflect  .     o - +1 pair of gloves
SustAt .         Harm     .     s - +0 pair of boots
MR     .....                    (no amulet)
Stlth  ..........               r - ring of flight
                                d - ring of fire

@: not resistant to hostile enchantments, extremely unstealthy
A: permanent stasis, dig shafts and tunnels, four strong arms, antennae 3
a: Dig, Shaft Self, Depart the Abyss, Bend Space, Banish, Renounce Religion,
Evoke Flight


You were on level 3 of the Dungeon.
You worshipped Lugonu.
Lugonu was most pleased with you.
You were hungry.

You visited 1 branch of the dungeon, and saw 3 of its levels.
You visited the Abyss 1 time.

You collected 160 gold pieces.

Inventory:

Hand Weapons
 a - a +1 falchion
 e - a +3 trident of venom (weapon)
Armour
 o - a +1 pair of gloves (worn)
 p - a +0 chain mail (worn)
 s - a +0 pair of boots (worn)
Jewellery
 d - a ring of fire (left hand)
 r - a ring of flight (right hand)
Wands
 w - a wand of acid (5/15)
Scrolls
 j - a scroll of magic mapping {unknown}
 k - a scroll of recharging {unknown}
 l - 2 scrolls of immolation {unknown}
 m - a scroll of remove curse {unknown}
 n - a scroll of enchant weapon {unknown}
 t - a scroll of enchant armour {unknown}
 v - a scroll of identify {unknown}
 x - a scroll of noise {unknown}
 y - a scroll of fog {unknown}
Potions
 b - a potion of brilliance
 f - a potion of flight {unknown}
 g - a potion of might {unknown}
 h - 6 potions of curing {unknown}
 i - 2 potions of ambrosia {unknown}
Comestibles
 c - 3 bread rations
 q - 2 meat rations
 u - a royal jelly


   Skills:
 + Level 4.3 Fighting
 + Level 3.2 Long Blades
 + Level 3.6 Armour
 - Level 0.8 Dodging
 - Level 2.1 Invocations


You had 4 spell levels left.
You didn't know any spells.

Dungeon Overview and Level Annotations

Branches:
Dungeon (3/15)

Altars:
Cheibriados


Innate Abilities, Weirdness & Mutations

You are under a permanent stasis effect.
You can dig through walls and to a lower floor.
Your four strong arms can wield two-handed weapons with a shield.
You have a pair of large antennae on your head. (SInv)


Message History

Okay, then.
The orc warrior hits you with a flail!
* * * LOW HITPOINT WARNING * * *
You take 11 damage, and have 2/43 hp.
MASSIVE DAMAGE!!
You see here a club.
All of the chunks of flesh in your inventory have rotted away.
Things that are here:
a hand axe; an orc corpse
There is a stone staircase leading up here.
There is a stone staircase leading up here.
You see here 18 stones.
There is a stone staircase leading up here.
Things that are here:
a hand axe; an orc corpse You are feeling hungry.
There is a stone staircase leading up here.
Things that are here:
a hand axe; an orc corpse The orc warrior hits you with a flail!!
You die...

#....#..###.## ####......#
#.##..)#.#.## #....[..###
#.###>.##.#########..###....#
##.# ##.#### #........##...###
#..# #....###..>....##...## ####
#.##..##.....####<#.#
#..#..............#.#
####.....#...#..#####.#
######......###@####..####.### #
.............o.# ##.(##....#
..##.####....##### ##.##....#
..........#.## #.......#
..##..#####)# #.......## ###..##
#.# ###.##.....## .)..##
#.#########)..##......# .####
#.<.........####....#.#
###########.....................#


You could see an orc warrior.

Vanquished Creatures
  An orc priest (D:3)
  2 worms (D:3)
  2 giant geckos
  3 orcs (D:3)
  2 ball pythons (D:2)
  3 giant cockroaches
  8 goblins
  7 hobgoblins
  16 jackals
  4 kobolds
  2 quokkas (D:2)
  6 bats
  4 giant newts
  6 rats
66 creatures vanquished.

Notes
Turn   | Place    | Note
-------+----------+-------------------------------------------
     0 | Abyss:1  | mistymad the Formicid Abyssal Knight began the quest for the Orb.
     0 | Abyss:1  | Reached XP level 1. HP: 18/18 MP: 2/2
    21 | D:1      | Escaped the Abyss
   126 | D:1      | Reached XP level 2. HP: 24/24 MP: 3/3
   440 | D:1      | Found a snail-covered altar of Cheibriados.
   526 | D:1      | Reached XP level 3. HP: 26/30 MP: 4/4
   532 | D:1      | Reached ** piety under Lugonu
  1009 | D:2      | Reached skill level 4 in Fighting
  1035 | D:2      | Reached XP level 4. HP: 31/37 MP: 5/5
  1713 | D:3      | Noticed an orc warrior
  1914 | D:3      | Reached *** piety under Lugonu
  1914 | D:3      | Reached XP level 5. HP: 43/43 MP: 6/6
  2004 | D:3      | HP: 2/43 [orc warrior/flail (11)]
  2087 | D:3      | HP: 2/43 [orc warrior/flail (11)]
  2190 | D:3      | Slain by an orc warrior

Vault maps used:
D:1:      sevenhm_arrival_forest_fort_small_6, cheibriados_altar_1
D:2:      minmay_pentomino_q4

Skill      XL: |  1  2  3  4 |
---------------+-------------+-----
Fighting       | 4 |  4.3
Armour         | 3 |  3.6
Long Blades    | 3 |  3.2
Dodging        | |  0.8
Invocations    | |  2.1

Action                   |  1- 3 |  4- 6 || total
-------------------------+-------+-------++-------
Melee: Falchion          |   136 |    78 ||   214
       Trident           |       |    20 ||    20
 Abil: Dig               |       |     4 ||     4
  Use: Potion            |       |     3 ||     3
  Eat: Chunk             |       |     5 ||     5
Armor: Leather armour    |    18 |       ||    18
       Chain mail        |    24 |    29 ||    53
Dodge: Dodged            |    82 |    31 ||   113
